[Event "Live Chess"]
[Site "Chess.com"]
[Date "2024.06.02"]
[Round "-"]
[White "Greenbecker"]
[Black "MagnersCarlsberg2870"]
[Result "1/2-1/2"]
[WhiteElo "1727"]
[BlackElo "1827"]
[TimeControl "300"]
[EndTime "0:20:24 PDT"]
[Termination "Game drawn by agreement"]

1. e4 d5 2. exd5 Nf6 3. Nf3 Qxd5 4. Nc3 Qh5 5. Be2 Bg4 6. d3 e6 7. Be3 Bd6 8. Ne4 Nxe4 9. dxe4 Nc6 10. Nd4 Bxe2 11.
Qxe2 Qxe2+ 12. Kxe2 Nxd4+ 13. Bxd4 e5 14. Bc3 f6 15. Rad1 O-O-O 16. Rd3 Bc5 17. Rhd1 Rxd3 18. Rxd3 Rd8 19. Rxd8+ Kxd8 20. f3 Kd7 21. Kd3 Kc6 1/2-1/2

[Event "Live Chess"]
[Site "Chess.com"]
[Date "2024.06.02"]
[Round "-"]
[White "MaximKovalenko83"]
[Black "Kyrylo7770"]
[Result "1-0"]
[WhiteElo "2181"]
[BlackElo "1620"]
[TimeControl "300"]
[EndTime "0:20:27 PDT"]
[Termination "MaximKovalenko83 won by resignation"]

1. d4 d5 2. Nf3 Nf6 3. c4 c6 4.
Nc3 Bf5 5. Bg5 e6 6. e3 Be7 7.
Be2 Be4 8. Bxf6 Bxf6 9. Nxe4 dxe4 10. Nd2 Qa5 11. O-O O-O 12. Nxe4 Nd7 13. a3 Qh5 14. Bxh5 1-0

[Event "Live Chess"]
[Site "Chess.com"]
[Date "2024.06.02"]
[Round "-"]
[White "f4nomore"]
[Black "RichardABates"]
[Result "0-1"]
[WhiteElo "1249"]
[BlackElo "2355"]
[TimeControl "300"]
[EndTime "0:21:00 PDT"]
[Termination "RichardABates won by resignation"]

1. d4 Nf6 2. Bg5 Ne4 3. Bf4 c5 4. c3 d5 5. e3 Qb6 6. b3 cxd4 7. exd4 e6 8. Bd3 Bd6 9. Bxd6 Nxd6 10. Nf3 Nc6 11. O-O h6 12. Nbd2 Bd7 13. c4 Nxd4 14. Rc1 dxc4 15. bxc4 N6f5 16. c5 Qc7 17. Bxf5 Nxf5 18.
Ne4 O-O 19. Nd6 Bc6 20. Ne5 Rad8 21. Qh5 Nxd6 22. cxd6 Rxd6 23. Nxc6 Rxc6 24. Rb1 Rd8 25. a4 Rd5 26. Qf3 Rc3 27. Qe2 b6 28. h3 Rg5 29.
Qe4 Rxh3 30. Qa8+ Kh7 31. Qe4+ f5 0-1

[Event "Live Chess"]
[Site "Chess.com"]
[Date "2024.06.02"]
[Round "-"]
[White "vincents82"]
[Black "Crowded_House"]
[Result "1-0"]
[WhiteElo "2001"]
[BlackElo "1678"]
[TimeControl "300"]
[EndTime "0:21:43 PDT"]
[Termination "vincents82 won by resignation"]

1. e4 e6 2. d4 d5 3. Nd2 dxe4 4. Nxe4 Bd7 5. Nf3 Bc6 6. Ng3 Bd6 7. c3 Nf6 8. Bd3 h6 9. Be3 O-O 10. Qd2 Nbd7 11. O-O-O Bxf3 12. gxf3 Nb6 13. Ne4 Nbd5 14. Bxh6 Nxe4 15. fxe4 Ne7 16. Rhg1 Ng6 17. e5 Bxe5 18. dxe5 Qd5 19. Bxg6 fxg6 20. Qxd5 exd5 21. Rxg6 c6 22. Rxg7+ Kh8 23. f4 Rg8 24. Rdg1 Rxg7 25. Rxg7 b6 26.
Rc7 c5 27. h4 d4 28. cxd4 cxd4 29. Rd7 Kg8 30. f5 Re8 31. e6 1-0

[Event "Live Chess"]
[Site "Chess.com"]
[Date "2024.06.02"]
[Round "-"]
[White "DenisOnopriichuk2003"]
[Black "Tatarinov_Maxim"]
[Result "0-1"]
[WhiteElo "1753"]
[BlackElo "2275"]
[TimeControl "300"]
[EndTime "0:21:57 PDT"]
[Termination "Tatarinov_Maxim won by resignation"]

1. d4 Nf6 2. Bf4 g6 3. e3 Bg7 4. Nf3 O-O 5. Be2 d6 6. O-O c5 7.
c3 b6 8. Nbd2 Ba6 9. Bxa6 Nxa6 10. Qe2 Nc7 11. Rfe1 Qc8 12. e4 Qa6 13. Qxa6 Nxa6 14.
e5 Nh5 15. Bg5 f6 16. exf6 exf6 17. Be3 f5 18. Ng5 f4 19. Ne6 fxe3 20. Nxf8 exd2 21. Re2 Rxf8 22. Rxd2 cxd4 23. cxd4 Nf4 24. g3 0-1

[Event "Live Chess"]
[Site "Chess.com"]
[Date "2024.06.02"]
[Round "-"]
[White "JohanKjeldahl"]
[Black "Dhaydon19"]
[Result "1-0"]
[WhiteElo "1871"]
[BlackElo "2657"]
[TimeControl "300"]
[EndTime "0:22:02 PDT"]
[Termination "JohanKjeldahl won by checkmate"]

1. c4 c6 2. d4 d5 3. Nc3 Nf6 4. Nf3 e6 5. Bg5 Be7 6. e3 Nbd7 7. Bd3 O-O 8. O-O b6 9. cxd5 cxd5 10.
Rc1 a6 11. Qe2 Bb7 12. a3 b5 13. h3 Nb6 14. Ne5 Nc4 15. Bxc4 dxc4 16. Rcd1 Nd5 17. Bxe7 Qxe7 18. e4 Nf4 19. Qg4 Ng6 20. Nxg6 hxg6 21. f3 Rad8 22. Rd2 Rd7 23. Rfd1 Rfd8 24. Qf4 g5 25.
Qe3 f6 26. Kf2 Kf7 27. d5 exd5 28. Nxd5 Bxd5 29. Rxd5 Rxd5 30. Rxd5 Rxd5 31. exd5 Qxe3+ 32. Kxe3 Ke7 33. Kd4 Kd6 34. g3 g6 35. f4 gxf4 36.
gxf4 a5 37. a4 bxa4 38. Kxc4 g5 39. fxg5 fxg5 40. Kb5 Kxd5 41. Kxa4 Ke4 42. Kxa5 Kf3 43. b4 Kg3 44. b5 Kxh3 45. b6 g4 46. b7 g3 47. b8=Q g2 48. Qh8+ Kg3 49. Qg7+ Kf2 50. Qf6+ Ke3 51. Qg5+ Kf2 52. Qf4+ Ke2 53. Qg3 Kf1 54.
Qf3+ Kg1 55. Kb4 Kh2 56. Qf2 Kh3 57. Kc3 Kh2 58. Qh4+ Kg1 59. Kd2 Kf1 60. Qf4+ Kg1 61. Ke2 Kh1 62. Qh4+ Kg1 63. Kf3 Kf1 64. Qf2# 1-0

[Event "Live Chess"]
[Site "Chess.com"]
[Date "2024.06.02"]
[Round "-"]
[White "MaximKovalenko83"]
[Black "Greenbecker"]
[Result "0-1"]
[WhiteElo "2148"]
[BlackElo "1764"]
[TimeControl "300"]
[EndTime "0:23:19 PDT"]
[Termination "Greenbecker won by checkmate"]

1. e4 Nc6 2. d4 d5 3. e5 Bf5 4.
Nf3 e6 5. Bd3 Nge7 6. O-O g6 7.
c3 Bg7 8. Na3 O-O 9. Nc2 f6 10.
Bxf5 Nxf5 11. exf6 Bxf6 12. Re1 Qd6 13. Ne3 Nxe3 14. Bxe3 e5 15. dxe5 Nxe5 16. Bh6 Rf7 17. Ng5 Bxg5 18. Bxg5 Raf8 19. f3 Rxf3 20. gxf3 Nxf3+ 21.
Kh1 Qxh2# 0-1

[Event "Live Chess"]
[Site "Chess.com"]
[Date "2024.06.02"]
[Round "-"]
[White "Crowded_House"]
[Black "SimonBoy1"]
[Result "1/2-1/2"]
[WhiteElo "1675"]
[BlackElo "1530"]
[TimeControl "300"]
[EndTime "0:23:42 PDT"]
[Termination "Game drawn by repetition"]

1. d4 d5 2. Bg5 h6 3. Bh4 Nf6 4. e3 e6 5. Nf3 Be7 6. Nbd2 c6 7. Bd3 O-O 8. O-O Nbd7 9. Re1 b6 10. c3 Bb7 11.
Qc2 Rc8 12. e4 dxe4 13. Nxe4 c5 14. dxc5 Bxc5 15. Nxf6+ Nxf6 16. Bxf6 Qxf6 17. Be4 Ba6 18. Bd3 Bb7 19. Be4 Ba6 20. Bd3 Bb7 1/2-1/2

[Event "Live Chess"]
[Site "Chess.com"]
[Date "2024.06.02"]
[Round "-"]
[White "wadsy27"]
[Black "KeithArkell"]
[Result "1/2-1/2"]
[WhiteElo "2582"]
[BlackElo "2408"]
[TimeControl "300"]
[EndTime "0:23:55 PDT"]
[Termination "Game drawn - insufficient material"]

1. Nf3 b5 2. g3 Bb7 3. Bg2 Nf6 4. O-O e6 5. d3 d5 6. Nbd2 Nbd7 7. e4 dxe4 8. Ng5 Nc5 9. Ngxe4 Ncxe4 10. Nxe4 Rb8 11. Re1 Be7 12. a4 b4 13. Be3 Nxe4 14. Bxe4 Bxe4 15. dxe4 Qxd1 16. Raxd1 a5 17. b3 Bd6 18. Rd3 e5 19. Red1 Ke7 20. Rd5 Ra8 21. Kf1 f6 22. Ke2 Ra6 23. h4 h5 24. Rb5 Rha8 25. Bc5 Rc6 26. Rd5 Bxc5 27. Rdxc5 Rxc5 28. Rxc5 Kd6 29. Rd5+ Ke6 30.
Kd3 c6 31. Rc5 Kd6 32. Kc4 Kc7 33. c3 bxc3 34. Kxc3 Kb6 35. Rc4 Rd8 36. b4 axb4+ 37. Rxb4+ Ka6 38. Kc4 Rd2 39. Kc5 Rxf2 40. Kxc6 Rf3 41.
Rb8 Rc3+ 42. Kd5 Rxg3 43. Rh8 Ka5 44. Rxh5 Kxa4 45. Rh8 Kb4 46. h5 Kc3 47. h6 gxh6 48. Rxh6 Rf3 49. Rh8 Kd2 50. Ra8 Ke3 51. Ra4 Kf4 52.
Ke6 Re3 53. Kxf6 Rxe4 54. Ra5 Re3 55. Rb5 e4 56. Rf5+ Kg3 57. Ke5 Re1 58. Kd4 e3 59.
Kd3 e2 60. Kd2 Rf1 61. Re5 Kf3 62. Rxe2 Rf2 63. Rxf2+ Kxf2 1/2-1/2

[Event "Live Chess"]
[Site "Chess.com"]
[Date "2024.06.02"]
[Round "-"]
[White "Kyrylo7770"]
[Black "Duke_of_Bebington"]
[Result "1-0"]
[WhiteElo "1630"]
[BlackElo "1696"]
[TimeControl "300"]
[EndTime "0:24:22 PDT"]
[Termination "Kyrylo7770 won by resignation"]

1. d4 d5 2. Nf3 Nf6 3. Bg5 Ne4 4. Bh4 h6 5. e3 g5 6. Bg3 Nxg3 7. hxg3 Bg7 8. c3 Bf5 9. Bd3 Bxd3 10. Qxd3 Nd7 11. Qb5 c6 12. Qxb7 O-O 13. Qxc6 Rb8 14. b3 e6 15. Qa6 Qc7 16. Qd3 Rfc8 17. Nxg5 e5 18. Nh3 e4 19. Qd1 Nf6 20. Nf4 Nh7 21. Qg4 Ng5 22. Nxd5 Qd8 23. c4 Rc6 24. Nd2 Rg6 25.
Qf5 1-0

[Event "Live Chess"]
[Site "Chess.com"]
[Date "2024.06.02"]
[Round "-"]
[White "ProfPoisson"]
[Black "MagnersCarlsberg2870"]
[Result "1-0"]
[WhiteElo "1314"]
[BlackElo "1812"]
[TimeControl "300"]
[EndTime "0:24:46 PDT"]
[Termination "ProfPoisson won by resignation"]

1. e4 e5 2. Nf3 Nf6 3. Nxe5 Nc6 4.
Nxc6 dxc6 5. d3 Bc5 6. Be2 h5 7. h3 Qd6 8. c3 a5 9. d4 Ba7 10. e5 Qd5 11. exf6 gxf6 12. O-O Rg8 13. Bf3 Qd6 14. Nd2 Bxh3 15. Re1+ Kd7 16. Ne4 Qf8 17. Nxf6+ Kc8 18. Nxg8 Qxg8 19. Qe2 Bd7 20. Bf4 h4 21. Qe7 h3 22. Re5 hxg2 23. Bxg2 b6 24. Qg5 1-0

[Event "Live Chess"]
[Site "Chess.com"]
[Date "2024.06.02"]
[Round "-"]
[White "AlanBstard10"]
[Black "booktrunk"]
[Result "1-0"]
[WhiteElo "1191"]
[BlackElo "1507"]
[TimeControl "300"]
[EndTime "0:25:14 PDT"]
[Termination "AlanBstard10 won on time"]

1. b4 e6 2. Bb2 Nf6 3. a3 a5 4. e3 axb4 5. axb4 Rxa1 6. Bxa1 Bxb4 7. c3 Be7 8. Be2 O-O 9. Bb2 d5 10. Nf3 Bd6 11. O-O Bd7 12. d4 Nc6 13. Nbd2 Qe7 14. Qb3 b6 15. Bb5 Na5 16. Qa4 Bxb5 17. Qxb5 Ra8 18.
Ra1 Ne4 19. Nxe4 dxe4 20. Nd2 Qe8 21. Qxe8+ Rxe8 22. f3 exf3 23. Nxf3 Nc4 24. Bc1 f6 25. Ra7 Na5 26. Kf2 Nb3 27. Bb2 h6 28. Ke2 c5 29.
dxc5 Nxc5 30. g3 Ne4 31. Rb7 Bc5 32. Nd4 Nd6 33. Rd7 Nc4 34. Bc1 e5 35. Nb5 Kh7 36.
Bd2 Nxd2 37. Rxd2 Re6 38. Nc7 Rc6 39. Nb5 Kg6 40. Rd7 h5 41. Kf3 Bf8 42. Rd8 Be7 43. Re8 Bc5 44. Na7 Rc7 45. Nb5 Rb7 46. c4 Bb4 47.
Rc8 Kh6 48. Rd8 Kg5 49. Nd6 Rc7 50. Ne4+ Kg6 51. Rb8 Rc6 52. Rb7 Ba5 53. c5 bxc5 54. Rb5 Bb6 55. Nd2 c4 56. Nxc4 Rxc4 57. Rxb6 Rc1 58.
Kg2 Rc2+ 59. Kh1 Kf5 60. Rb3 g5 61. Kg1 g4 62. Kh1 Re2 63. Kg1 Ke4 64. Kf1 Rxe3 65. Rb6 Rf3+ 66. Kg2 Kf5 67. Rb8 Rd3 68. Rh8 Rd2+ 69.
Kg1 Kg5 70. Rf8 h4 71. Rg8+ Kh5 72. gxh4 Kxh4 73. Rh8+ Kg5 74. Rg8+ Kf4 75. Rf8 f5 76. Re8 e4 77. Rd8 1-0

[Event "Live Chess"]
[Site "Chess.com"]
[Date "2024.06.02"]
[Round "-"]
[White "peteopeteo"]
[Black "GerardATHart"]
[Result "0-1"]
[WhiteElo "1540"]
[BlackElo "1389"]
[TimeControl "300"]
[EndTime "0:25:22 PDT"]
[Termination "GerardATHart won by checkmate"]

1. e4 e5 2. Nf3 Nc6 3. Bc4 Nf6 4. d3 Bc5 5. O-O d6 6. c3 Bg4 7.
Nbd2 Qd7 8. b4 Bb6 9. Qb3 Bh5 10. Bb2 O-O-O 11. a4 a5 12. b5 Nb8 13. d4 Qe7 14. Ne1 Nbd7 15. Nd3 Rdg8 16. Ba3 g5 17. dxe5 Nxe5 18. Nxe5 Qxe5 19. Bxf7 Bxf7 20. Qxf7 Rf8 21. Qc4 Ng4 22. Nf3 Rxf3 23. gxf3 Qxh2# 0-1

[Event "Live Chess"]
[Site "Chess.com"]
[Date "2024.06.02"]
[Round "-"]
[White "Duke_of_Bebington"]
[Black "juniortay"]
[Result "0-1"]
[WhiteElo "1696"]
[BlackElo "2380"]
[TimeControl "300"]
[EndTime "0:25:55 PDT"]
[Termination "juniortay won by resignation"]

1. e4 e5 2. Nf3 Nf6 3. Nxe5 Nc6 4. Nxc6 dxc6 5. Nc3 Bc5 6. d3 Ng4 7. f3 Nf2 8. Qe2 Nxh1 9. Be3 Bxe3 10. Qxe3 Qh4+ 11.
Ke2 Qxh2 0-1

[Event "Live Chess"]
[Site "Chess.com"]
[Date "2024.06.02"]
[Round "-"]
[White "McFim"]
[Black "CheckThis4"]
[Result "0-1"]
[WhiteElo "1700"]
[BlackElo "2693"]
[TimeControl "300"]
[EndTime "0:26:04 PDT"]
[Termination "CheckThis4 won on time"]

1. e4 d5 2. exd5 c6 3. dxc6 Nxc6 4. Nc3 e5 5. Bc4 Nf6 6. d3 Bg4 7. f3 Bh5 8. a3 Bc5 9. Nge2 O-O 10. Ng3 Bg6 11.
Nge4 Nxe4 12. dxe4 Qh4+ 13. g3 Qh3 14. Bf1 Qe6 15. Bd3 Rad8 16. Qe2 Nd4 17. Qg2 f5 18.
Rf1 fxe4 19. Nxe4 Bb6 20. Bd2 Rc8 21. Bc3 Kh8 22. Bxd4 Bxd4 23. c3 Bb6 24. Qe2 Rfd8 25. Rd1 h6 26. h4 Bh7 27. g4 Rd7 28. Rh1 Rcd8 29. Bc2 Qa2 30. Rxd7 Rxd7 31. Bd1 Qb1 32. g5 Bxe4 33. fxe4 Rxd1+ 34. Qxd1 Qxe4+ 35. Qe2 Qxh1+ 36. Kd2 Qd5+ 37. Kc2 e4 0-1

[Event "Live Chess"]
[Site "Chess.com"]
[Date "2024.06.02"]
[Round "-"]
[White "Victor_Bondar"]
[Black "willc-h99"]
[Result "0-1"]
[WhiteElo "1460"]
[BlackElo "2627"]
[TimeControl "300"]
[EndTime "0:26:10 PDT"]
[Termination "willc-h99 won by resignation"]

1. e4 c6 2. d4 d5 3. Nd2 dxe4 4.
Nxe4 Nf6 5. Ng3 e5 6. Bg5 exd4 7. Bxf6 Qxf6 8. Nf3 Bb4+ 9. Nd2 O-O 10. Be2 Qh6 11.
a3 Ba5 12. b4 Bb6 13. O-O Be6 14.
Nc4 Rd8 15. Bd3 Nd7 16. Nxb6 axb6 17. Qh5 Qxh5 18. Nxh5 c5 19. f4 Bd5 20. f5 c4 21.
Be2 b5 22. f6 Nxf6 23. Nxf6+ gxf6 24. Rxf6 Be4 25. Bh5 Rd7 26. Raf1 Bg6 27. Bxg6 hxg6 28. R6f3 d3 29. cxd3 cxd3 30. Rd1 Rxa3 31. h4 Kg7 32. g4 Rb3 33. h5 Rxb4 34. hxg6 Rxg4+ 35. Kf2 Rxg6 36. Rfxd3 Rxd3 37. Rxd3 b4 38. Rb3 Rg4 39. Kf3 Rc4 40. Ke2 f5 41. Kd3 Rc3+ 42. Rxc3 bxc3 43. Kxc3 Kf6 0-1

[Event "Live Chess"]
[Site "Chess.com"]
[Date "2024.06.02"]
[Round "-"]
[White "SimonBoy1"]
[Black "MaximKovalenko83"]
[Result "0-1"]
[WhiteElo "1530"]
[BlackElo "2149"]
[TimeControl "300"]
[EndTime "0:27:22 PDT"]
[Termination "MaximKovalenko83 won by resignation"]

1. e4 c6 2. d4 d5 3. exd5 cxd5 4. Nf3 Nc6 5. Bd3 Nf6 6. c3 Bg4 7. O-O e6 8. Bg5 Be7 9. Nbd2 Rc8 10. Rc1 O-O 11.
Qc2 h6 12. Bh4 Nb4 13. Qb1 Nxd3 14. Qxd3 Qb6 15. b3 Rfe8 16. Bg3 Bf5 17. Qe2 Ne4 18. Nxe4 Bxe4 19. Ne5 Qa5 20. Rfd1 Rxc3 21. Rxc3 Qxc3 22.
Qd2 Qxd2 23. Rxd2 Rc8 24. h3 Rc1+ 25. Kh2 Bb4 26. Re2 Bc3 27. Bf4 Rd1 28. f3 Bf5 29. g4 Bb1 30. a4 Bxd4 31. Nd7 f6 32. Rxe6 Kf7 33. Rd6 g5 34. Bg3 Ke7 35. Rxd5 Bg1+ 0-1

[Event "Live Chess"]
[Site "Chess.com"]
[Date "2024.06.02"]
[Round "-"]
[White "elephantgerrald"]
[Black "SavagePawn7"]
[Result "1-0"]
[WhiteElo "823"]
[BlackElo "653"]
[TimeControl "300"]
[EndTime "0:27:36 PDT"]
[Termination "elephantgerrald won on time"]

1. e4 d5 2. exd5 Nf6 3. Nc3 Nxd5 4. Nxd5 Qxd5 5. Nf3 Nc6 6. d4 Nb4 7. c4 Qe4+ 8. Be2 Nc2+ 9. Kf1 Nxa1 10. Ng5 Qc2 11. Qe1 h6 12. Nf3 Bg4 13. h3 Bxf3 14. Bxf3 Qxc4+ 15.
Be2 Qxd4 16. Bb5+ c6 17. Be2 Nc2 18. Qa5 Qb6 19. Qc3 Nb4 20. Qc4 e6 21. a3 Nd5 22.
Bf3 Bc5 23. Bxd5 cxd5 24. Qa4+ Qc6 25. Qg4 O-O 26. Bxh6 Qb5+ 27. Kg1 Bxf2+ 28. Kh2 Qxb2 29. Rf1 Kh8 30. Rxf2 Qe5+ 31. g3 gxh6 32. Re2 Qg7 33. h4 Rac8 34. Kh3 Rc2 35. Qxg7+ Kxg7 36. Rxc2 Rd8 37.
Rd2 d4 38. Rxd4 Rxd4 39. Kg2 1-0

[Event "Live Chess"]
[Site "Chess.com"]
[Date "2024.06.02"]
[Round "-"]
[White "upoe610"]
[Black "vincents82"]
[Result "0-1"]
[WhiteElo "2190"]
[BlackElo "2013"]
[TimeControl "300"]
[EndTime "0:27:50 PDT"]
[Termination "vincents82 won by resignation"]

1. c4 c6 2. g3 d5 3. Nf3 Nf6 4. Bg2 Bf5 5. Qb3 Qb6 6. d3 Qxb3 7. axb3 e6 8. Be3 a6 9. Bd4 Be7 10. Bc3 O-O 11. O-O h6 12. Nbd2 Nbd7 13. Nh4 Bh7 14. Nhf3 c5 15. Nb1 Rab8 16. d4 Ne4 17. cxd5 exd5 18. Ne5 Nxe5 19. dxe5 d4 20. Ba5 b6 21.
Be1 a5 22. Nd2 Nxd2 23. Bxd2 Rfd8 24. f4 Bc2 25. b4 cxb4 26. Rfc1 b3 27. Ra4 Rbc8 28.
Bb7 Rc7 29. Be4 Rdc8 30. Bf3 Bf5 31. Rxc7 Rxc7 32. Kg2 Rc2 33. Rxd4 Rxb2 34. g4 Bc8 35. Bd5 Bc5 36. Rd3 Ba6 37. Rxb3 Rxd2 38. Bf3 Bxe2 0-1

[Event "Live Chess"]
[Site "Chess.com"]
[Date "2024.06.02"]
[Round "-"]
[White "juniortay"]
[Black "peteopeteo"]
[Result "1-0"]
[WhiteElo "2380"]
[BlackElo "1540"]
[TimeControl "300"]
[EndTime "0:28:04 PDT"]
[Termination "juniortay won by checkmate"]

1. e4 c6 2. Nf3 d5 3. exd5 cxd5 4. Ne5 Nf6 5. d4 Nbd7 6. Bd3 Nxe5 7. dxe5 Nd7 8. Qe2 e6 9. O-O Qc7 10. Re1 Bc5 11. c3 Qb6 12. Nd2 O-O 13. Nf3 Qc7 14.
Bxh7+ Kh8 15. Ng5 Be7 16. Qh5 Bxg5 17. Bxg5 g6 18. Bxg6+ Kg7 19. Qh7# 1-0

[Event "Live Chess"]
[Site "Chess.com"]
[Date "2024.06.02"]
[Round "-"]
[White "JanMur7"]
[Black "WilliamofOrange16th"]
[Result "0-1"]
[WhiteElo "2258"]
[BlackElo "1984"]
[TimeControl "300"]
[EndTime "0:28:28 PDT"]
[Termination "WilliamofOrange16th won on time"]

1. c4 e5 2. Nc3 Nc6 3. Nf3 f5 4.
d4 e4 5. d5 exf3 6. dxc6 dxc6 7. Qxd8+ Kxd8 8. gxf3 Bb4 9. Bg5+ Ne7 10. O-O-O+ Ke8 11. Rg1 Be6 12. e3 g6 13. a3 Bd6 14. b4 h6 15. Bf6 Rf8 16. Bg7 Rg8 17. Bxh6 Kf7 18. h4 a5 19. c5 Be5 20. Nb1 axb4 21. axb4 Ra1 22. f4 Bh8 23. h5 Bb3 24. hxg6+ Nxg6 25. Rd2 Rga8 26. Be2 Ba2 27. Rxa2 R8xa2 28. Bc4+ Kf6 29.
Bxa2 Rxa2 30. f3 Kf7 31. e4 fxe4 32. fxe4 Rf2 33. f5 Nf4 34. Bxf4 Rxf4 35. Re1 Be5 36.
Kc2 Rf2+ 37. Kd3 Rb2 38. Kc4 Rc2+ 39. Kb3 Rb2+ 40. Kc4 Rc2+ 41. Kd3 Rb2 42. Nd2 Rxb4 43. Rh1 Rb5 44. Nf3 Rb3+ 45. Ke2 Bg7 46. e5 Rc3 47. e6+ Kf6 48. Rg1 Bf8 49. Nd4 Rxc5 50. Rg6+ Ke5 51. f6 Kxd4 52. e7 Re5+ 53. Kd2 Bxe7 54. fxe7 Rxe7 55. Rg4+ Re4 56. Rg5 c5 57. Rg8 c4 58. Rd8+ Kc5 59. Rc8 Kc6 60. Rh8 b5 61.
Rh6+ Kc5 62. Rh5+ Kb4 63. Rg5 c3+ 0-1

[Event "Live Chess"]
[Site "Chess.com"]
[Date "2024.06.02"]
[Round "-"]
[White "RichardABates"]
[Black "hapehansen"]
[Result "1-0"]
[WhiteElo "2362"]
[BlackElo "2250"]
[TimeControl "300"]
[EndTime "0:28:59 PDT"]
[Termination "RichardABates won by resignation"]

1. d4 Nf6 2. Nf3 e6 3. c4 d5 4. g3 Be7 5. Bg2 O-O 6. O-O c6 7. Qc2 b6 8. Nbd2 Bb7 9. b3 Nbd7 10. Bb2 Qc7 11. Rac1 Rac8 12. e4 dxe4 13. Nxe4 Nxe4 14. Qxe4 Nf6 15. Qe2 c5 16. Rfe1 cxd4 17. Nxd4 Bxg2 18. Kxg2 Rfd8 19. Nb5 Qb7+ 20. Qf3 Qxf3+ 21. Kxf3 a6 22. Nc3 h5 23. h3 Nd7 24. Red1 Ne5+ 25. Ke2 Nc6 26.
Na4 Rxd1 27. Rxd1 b5 28. cxb5 axb5 29. Nb6 Rc7 30. Rd7 Rxd7 31. Nxd7 b4 32. Ne5 Nxe5 33. Bxe5 Bc5 34. f3 f6 35. Bf4 Kf7 36. Kd3 e5 37. Bd2 Ke6 38. Kc4 g5 39. g4 hxg4 40. hxg4 Bd6 41.
Bxb4 Bxb4 42. Kxb4 f5 43. Kc3 1-0

[Event "Live Chess"]
[Site "Chess.com"]
[Date "2024.06.02"]
[Round "-"]
[White "f4nomore"]
[Black "Ksenia_2013"]
[Result "1-0"]
[WhiteElo "1252"]
[BlackElo "947"]
[TimeControl "300"]
[EndTime "0:29:32 PDT"]
[Termination "f4nomore won by checkmate"]

1. b3 Nf6 2. Bb2 g6 3. e3 Bg7 4. f4 O-O 5. Nf3 Nc6 6. Be2 d6 7. O-O Bg4 8. Nc3 Ne4 9. Rb1 Nxc3 10. dxc3 e5 11. h3 Bxh3 12. gxh3 exf4 13. exf4 Qf6 14. Nh2 Bh6 15. c4 Qh4 16. Rf3 Bxf4 17. Qf1 Bxh2+ 18. Kxh2 Rfe8 19. Bd3 Re7 20. Bf6 Qh5 21. Bxe7 Nxe7 22. Rxf7 Qe5+ 23. Qf4 Qxf4+ 24. Rxf4 Rf8 25. Rxf8+ Kxf8 26.
Rf1+ Kg8 27. Be4 c6 28. b4 d5 29. cxd5 cxd5 30. Bd3 Nf5 31. Re1 b6 32. Re6 Ng7 33.
Re7 Kf8 34. Rxa7 h5 35. Rb7 g5 36. Rxb6 g4 37. hxg4 hxg4 38. Rg6 Kf7 39. Rxg4 Nh5 40. a4 Nf6 41. Rf4 d4 42. Rxd4 Ke6 43. c3 Ke5 44. b5 Nd7 45. Rxd7 Ke6 46. Rd4 Ke5 47. b6 Ke6 48. b7 Ke7 49. b8=Q Ke6 50. Qb5 Kf6 51.
Rc4 Ke6 52. Rc6+ Ke7 53. Qb7+ Ke8 54. Rc8# 1-0

[Event "Live Chess"]
[Site "Chess.com"]
[Date "2024.06.02"]
[Round "-"]
[White "WeakOldFinished"]
[Black "NAZRIZ1977"]
[Result "0-1"]
[WhiteElo "2144"]
[BlackElo "2127"]
[TimeControl "300"]
[EndTime "0:29:49 PDT"]
[Termination "NAZRIZ1977 won - game abandoned"]

1. e4 c5 2. Nc3 Nc6 3. f4 g6 4. Nf3 Bg7 5. Bc4 e6 6. f5 Nge7 7. fxe6 fxe6 8. O-O O-O 9. d3 d5 10. Bb3 Nd4 11. exd5 exd5 12. Bg5 Nxb3 13. axb3 Bf6 14. Qd2 Bd7 15. Bxf6 Rxf6 16. Ne5 Rxf1+ 17. Rxf1 Be6 18. Qf4 Qf8 19. Qe3 Nf5 20. Qg5 Qg7 21.
Ng4 Rf8 22. Qf4 Qd4+ 23. Qxd4 Nxd4 24. Rxf8+ Kxf8 25. Ne3 Nxb3 26. Ncxd5 Bxd5 27. Nxd5 Nd4 28. c3 Nc6 29. Kf2 Kf7 30. Ke3 Ke6 31. Nf4+ Kf5 32. h3 h5 33. Nd5 b5 34. d4 cxd4+ 35. cxd4 a5 36. Nc7 b4 37. d5 Ne5 38. Kd4 a4 39. Nb5 Kf6 40. Kc5 Nd3+ 41. Kc4 Nxb2+ 42. Kxb4 Ke5 43. d6 Ke6 44. Ka3 Nc4+ 45. Kxa4 Nxd6 46. Nd4+ Ke5 47. Ne2 Ke4 48. Kb4 Ke3 49. Nc3 Kf2 50.
g4 h4 51. Kc5 Kg3 52. Kxd6 Kxh3 53. g5 Kg4 54. Ne4 Kf5 55. Kd5 h3 56. Kd4 Kf4 57.
Nf2 Kg3 58. Nxh3 Kxh3 59. Ke4 Kg4 60. Ke3 Kxg5 61. Kf2 Kh4 62. Kg2 Kg4 63. Kh2 Kf3 64. Kh3 g5 65. Kh2 g4 66. Kg1 Kg3 67. Kh1 Kf2 68. Kh2 g3+ 69. Kh3 g2 70. Kg4 g1=Q+ 71. Kf4 Ke2 0-1

[Event "Live Chess"]
[Site "Chess.com"]
[Date "2024.06.02"]
[Round "-"]
[White "SimonBoy1"]
[Black "elephantgerrald"]
[Result "1-0"]
[WhiteElo "1530"]
[BlackElo "822"]
[TimeControl "300"]
[EndTime "0:30:15 PDT"]
[Termination "SimonBoy1 won by checkmate"]

1. e4 e5 2. Nf3 Nc6 3. Bc4 Nf6 4. d3 Bc5 5. O-O O-O 6. c3 d6 7. h3 h6 8. a4 Bxh3 9. gxh3 Qd7 10. Kh2 Nh5 11.
Nh4 Na5 12. Qxh5 Nxc4 13. dxc4 Qe6 14. Nf5 Qxc4 15. Rg1 Bxf2 16. Rxg7+ Kh8 17. Qxh6# 1-0

[Event "Live Chess"]
[Site "Chess.com"]
[Date "2024.06.02"]
[Round "-"]
[White "Dhaydon19"]
[Black "Tatarinov_Maxim"]
[Result "1/2-1/2"]
[WhiteElo "2651"]
[BlackElo "2284"]
[TimeControl "300"]
[EndTime "0:30:25 PDT"]
[Termination "Game drawn by repetition"]

1. d4 Nf6 2. Nf3 g6 3. g3 Bg7 4. Bg2 O-O 5. O-O c5 6. c3 Qc7 7. Bf4 d6 8. Nbd2 b6 9. dxc5 bxc5 10. Nc4 Bb7 11. Nxd6 exd6 12. Bxd6 Qb6 13. Bxf8 Bxf8 14.
Qc2 Nc6 15. Rad1 Re8 16. b3 Ba6 17. Rfe1 Ne4 18. e3 Bg7 19. Nd2 Nxc3 20. Nc4 Bxc4 21.
bxc4 Nxd1 22. Rxd1 Ne5 23. Bd5 Qc7 24. Kg2 Ng4 25. Rb1 Rb8 26. Rxb8+ Qxb8 27. h3 Nf6 28. Bf3 h5 29. g4 hxg4 30. hxg4 Qe5 31. Qd3 Qe7 32. a4 Nd7 33. Bd5 Ne5 34. Qe4 Qd7 35.
Kg3 Qd6 36. f4 Kf8 37. fxe5 Qxe5+ 38. Qxe5 Bxe5+ 39. Kf3 Ke7 40. a5 a6 41. Bb7 Bc7 42. Bxa6 Bxa5 43. Ke4 Bd2 44. Kf4 f6 45. Bb7 g5+ 46.
Kf3 Kd6 47. Bd5 Ke5 48. Be4 Bc3 49. Bf5 Bd2 50. Ke2 Bc1 51. Kd3 Bb2 52. Kd2 Ba3 53. Kc2 Bb4 54. Bd3 Be1 55. Kd1 Bb4 56. Ke2 Bc3 57.
Bf5 Bb4 58. Kd3 Be1 59. e4 Bb4 60. Kc2 Be1 61. Kb3 Bb4 62. Ka4 Kd4 63. Kb5 Ke5 64.
Bd7 Kd4 65. Bf5 Ke5 66. Kc6 Ba3 67. Kd7 Bb4 68. Ke7 Ba3 69. Kd8 Bb4 70. Kc7 Ba3 71. Kb6 Bb4 72. Kb5 Kd4 73. Ka4 Ke5 74. Kb3 Kd4 75.
Be6 Ke5 76. Bd5 Ba5 77. Bb7 Bb4 78. Ka4 Bc3 79. Kb5 Bb4 80. Kc6 Ba3 81. Kd7 Bb4 82.
Ke7 Ba3 83. Kf7 Bb4 84. Kg6 Ba3 85. Bc8 Bb4 86. Bf5 Ba3 87. Kf7 Bb4 88. Ke7 Ba3 89.
Kd7 Bb4 90. Kc6 Ba3 91. Kb5 Bb4 1/2-1/2

[Event "Live Chess"]
[Site "Chess.com"]
[Date "2024.06.02"]
[Round "-"]
[White "MaximKovalenko83"]
[Black "willc-h99"]
[Result "0-1"]
[WhiteElo "2147"]
[BlackElo "2628"]
[TimeControl "300"]
[EndTime "0:30:37 PDT"]
[Termination "willc-h99 won by resignation"]

1. d4 Nf6 2. Nf3 b6 3. c4 Bb7 4. Nc3 e6 5. Bg5 Bb4 6. e3 h6 7. Be2 hxg5 8. O-O Bxc3 9. bxc3 Ne4 10. Qc2 Qf6 11. Rad1 g4 12. Ne5 Qh4 13. Nxg4 f5 14. g3 Qh3 15. f3 fxg4 16. Bd3 gxf3 0-1

[Event "Live Chess"]
[Site "Chess.com"]
[Date "2024.06.02"]
[Round "-"]
[White "MagnersCarlsberg2870"]
[Black "Cimon"]
[Result "1-0"]
[WhiteElo "1820"]
[BlackElo "1795"]
[TimeControl "300"]
[EndTime "0:30:46 PDT"]
[Termination "MagnersCarlsberg2870 won by resignation"]

1. d4 d5 2. e3 Nf6 3. Bd3 c5 4. c3 e6 5. Nd2 Nc6 6. f4 Be7 7. Ngf3 b6 8. Qe2 Bb7 9. O-O O-O 10. Ne5 cxd4 11. exd4 Qc8 12. Rf3 a5 13. Rh3 Ba6 14. g4 Bxd3 15. Qxd3 g6 16. g5 Ne8 17. Ng4 Qc7 18. Qg3 Ng7 19. Nf6+ Bxf6 20. gxf6 Nf5 21.
Qg5 b5 22. Nf1 h6 23. Rxh6 Ncxd4 24. cxd4 Qc2 25. Ng3 Qd1+ 26. Kg2 Qc2+ 27. Kh3 Nxg3 28. Rh8+ 1-0